 Dungeon Crawl Stone Soup version 0.30.1-1-g62c8e00024 (webtiles) character file.

Game seed: 14199940834972050572

190206 sakkuzi the Minotaur Blade (level 17, -3/160 HPs)
             Began as a Minotaur Berserker on July 14, 2023.
             Was a High Priest of Trog.
             Succumbed to a wolf spider's poison
             ... on level 4 of the Spider Nest.
             The game lasted 01:40:50 (41333 turns).

sakkuzi the Minotaur Blade (Minotaur Berserker)    Turns: 41333, Time: 01:40:51

Health: -3/160     AC: 33    Str: 24 (25) XL:     17   Next: 53%
Magic:  0/4        EV:  8    Int:  4      God:    Trog [*****.]
Gold:   2371       SH: 18    Dex: 15      Spells: 16/16 levels left

rFire   + . .        s - +9 demon blade (antimagic)
rCold   . . .        c - +0 tower shield
rNeg    . . .        b - +3 chain mail {rC+}
rPois   .            L - +2 hat
rElec   .            B - +0 cloak
rCorr   .            n - +2 pair of gloves
SInv    +            w - +3 pair of seven-league boots {Rampage+∞}
Will    +....        z - amulet of guardian spirit Stlth
                     h - +4 ring of protection
HPRegen 0.46/turn    j - ring "Xapsemas" {Fly rF+ rC- Slay+4}
MPRegen 0.09/turn

%: guardian spirit, rampage+∞
@: lethally poisoned (-3 -> -44), on berserk cooldown, flying, slowed, very slow
A: horns 2, retaliatory headbutt, see invisible, low MP 1
}: 1/15 runes: decaying
a: Renounce Religion, Berserk, Trog's Hand, Brothers in Arms


You were on level 4 of the Spider Nest.
You worshipped Trog.
Trog was extremely pleased with you.
You visited 6 branches of the dungeon, and saw 31 of its levels.
You also visited: Ossuary.

You collected 2371 gold pieces.

Inventory:

Hand Weapons
 s - a +9 antimagic demon blade (weapon)
 H - the +11 Singing Sword {sonic wave}
   (You found it on level 6 of the Dungeon)
Missiles
 A - 3 silver javelins (quivered)
 C - 16 curare-tipped darts
 D - 3 javelins
 N - 3 silver boomerangs
Armour
 b - a +3 chain mail of cold resistance (worn)
 c - a +0 tower shield (worn)
 n - a +2 pair of gloves (worn)
 w - the +3 pair of seven-league boots (worn) {Rampage+∞}
   (You found it on level 2 of the Lair of Beasts)

   Rampage+∞: When moving toward enemies, its wearer moves as far as possible,
   alerting their target en route.
 B - a +0 cloak (worn)
 L - a +2 hat (worn)
 S - a +0 plate armour
Jewellery
 h - a +4 ring of protection (left hand)
 j - the ring "Xapsemas" (right hand) {Fly rF+ rC- Slay+4}
   (You found it on level 15 of the Dungeon)

   [ring of flight]

   Slay:      It affects your accuracy & damage with ranged weapons and melee
   (+4).
   rF:        It protects you from fire.
   rC:        It makes you vulnerable to cold.
   Fly:       It grants you flight.
 u - a ring of protection from cold
 z - an amulet of guardian spirit (around neck)
 W - a +6 ring of dexterity
Wands
 e - a wand of flame (32)
 q - a wand of mindburst (43)
 y - a wand of acid (15)
 F - a wand of paralysis (28)
 P - a wand of iceblast (25)
 Q - a wand of digging (13)
 X - a wand of polymorph (8)
Scrolls
 a - a scroll of fear
 d - a scroll of summoning {unknown}
 f - 5 scrolls of fog
 g - 3 scrolls of magic mapping
 r - 3 scrolls of silence
 v - 4 scrolls of teleportation
 M - 5 scrolls of enchant armour
 O - 2 scrolls of identify
 R - a scroll of brand weapon
 T - a scroll of blinking
Potions
 i - 8 potions of curing
 l - 5 potions of might
 m - a potion of haste
 o - 3 potions of mutation
 p - 4 potions of flight
 t - 5 potions of resistance
 x - 6 potions of cancellation
 E - 2 potions of invisibility
 G - 9 potions of ambrosia
 I - a potion of magic
 K - a potion of heal wounds
 V - 2 potions of berserk rage
Miscellaneous
 k - a phantom mirror
 J - a piece from Xom's chessboard (15/15)
 Z - a phial of floods


   Skills:
 + Level 16.7 Fighting
 * Level 21.5 Long Blades
 - Level 8.4 Axes
 + Level 13.9 Throwing
 + Level 16.6 Armour
 - Level 2.4 Dodging
 + Level 13.0 Shields


You had 16 spell levels left.
You didn't know any spells.
Your spell library was empty.

Dungeon Overview and Level Annotations

Branches:
Dungeon (15/15)            Temple (0/1) D:6            Lair (5/5) D:10
  Swamp (4/4) Lair:2       Spider (4/4) Lair:2        Slime (1/5) Lair:5
    Orc (2/2) D:9             Elf (0/3) Orc:2        Vaults (0/5) D:13
 Depths (0/4) D:15        Ossuary (visited)

Altars:
Ashenzari
Cheibriados
Dithmenos
Fedhas
Hepliaklqana
Makhleb
Nemelex Xobeh
Okawaru
Ru
Sif Muna
Trog
Vehumet
Wu Jian
Xom
Yredelemnul
Zin

Shops:
D:9 (   D:11 *

Portals:
Trove: D:13 (give +2 storm dragon scales)

Annotations:
D:8 1 runed translucent door, rozman's ghost, novice KoBr
D:9 3 runed translucent doors, turdburglar's ghost, novice GnWr
D:14 1 runed translucent door, Secest's ghost, journeyman DrFi
Lair:4 exclusion: oklob plant
Orc:2 Azrael


Innate Abilities, Weirdness & Mutations

You have a pair of horns on your head.
You reflexively headbutt those who attack you in melee.
You have supernaturally acute eyesight. (SInv)
Your magical capacity is low. (-10% MP)


Message History

You feel weakened. You block the ghost moth's attack.
The wolf spider attacks as you move away!
You block the wolf spider's attack. x2
* * * LOW HITPOINT WARNING * * *
You feel extremely sick. The wolf spider barely misses you.
You furiously retaliate!
You headbutt the wolf spider!
The wolf spider bites you but does no damage.
The tarantella rages.
The wolf spider rages.
You block the wolf spider's attack. The wolf spider barely misses you.
The wolf spider hits you but does no damage.
The wolf spider bites you.
* * * LOW HITPOINT WARNING * * *
You see here a jumping spider corpse.
You feel a strong urge to attack something.
* * * LOW HITPOINT WARNING * * *
You feel extremely sick.
The ghost moth hits you but does no damage.
You block the ghost moth's attack.
The ghost moth stings you but does no damage.
The wolf spider attacks as you move away!
The wolf spider hits you.
* * * LOW HITPOINT WARNING * * *
The wolf spider bites you but does no damage.
You are no longer berserk.
You are exhausted.
You feel yourself slow down.
* * * LOW HITPOINT WARNING * * *
You feel extremely sick.
The tarantella touches you but does no damage.
The wolf spider rages.
The ghost moth stares at you. You block the tarantella's attack.
The wolf spider hits you!
* * * LOW HITPOINT WARNING * * *
You block the wolf spider's attack.
The tarantella rages.
You slash the tarantella! Your headbutt misses the tarantella.
The tarantella is almost dead.
You die...

.........#......##.$.. ####
#..#...#..........## ###...
#......#.........)..
#.^...####......#........^#
....... #..^.##.#..##....#$
....... #.^#.^.........#.#
#...... #.#^...†.......##
#......###............#.#
......ysss@...##..<^###^..
...##..sys..$.^...#.# ....
#^...s#........#... ....
......###.^##....#^......?
#.....# ######...#.....##.
...... ##^.#...... . ......
### ##....


You could see a ghost moth (invisible), 3 wolf spiders, a moth of wrath and 3
tarantellas.

Vanquished Creatures
  Mlioglotl (Swamp:2)
  An emperor scorpion (Spider:2)
  3 ghost moths
  Louise (D:14)
  5 eleionomae
  2 spark wasps (Spider:3)
  A dire elephant (D:15)
  7 bunyips
  An entropy weaver (shapeshifter) (D:13)
  A shambling mangrove (Swamp:2)
  An ice dragon (shapeshifter) (D:15)
  24 hydras
  4 catoblepae
  2 ghost crabs
  A great orb of eyes (D:15)
  2 jorogumos
  5 two-headed ogres
  8 boulder beetles
  7 alligators
  A radroach (Spider:2)
  5 centaur warriors
  7 death yaks (Lair:5)
  Urug (Lair:1)
  3 skysharks
  A shadow wraith (D:13)
  4 goliath frogs
  A sun moth (Spider:2)
  9 swamp dragons (Swamp:4)
  3 pharaoh ants
  A deep troll (Lair:1)
  5 spriggan druids
  13 bog bodies
  3 spriggan simulacra (D:14)
  2 death drakes
  A spectral hydra (Swamp:2)
  6 orb spiders
  A steelbarb worm (Lair:2)
  A wizard (D:14)
  An orc knight (D:14)
  3 goliath frog zombies (Swamp:2)
  2 deep elf pyromancers
  A wolf spider zombie (D:9)
  21 ugly things
  A necromancer (Swamp:2)
  8 wolf spiders
  5 manticores
  2 shining eyes (Slime:1)
  4 will-o-the-wisps
  7 cyclopes
  3 moths of wrath
  A manticore (shapeshifter) (D:13)
  A black mamba (shapeshifter) (D:13)
  6 elephants (Lair:2)
  A centaur zombie (D:9)
  3 demonic crawlers
  A naga mage (D:15)
  4 black mambas
  A guardian serpent (Lair:2)
  6 torpor snails
  6 cane toads
  4 rime drakes (D:14)
  An anaconda simulacrum (D:14)
  2 unseen horrors
  2 centaur skeletons (D:9)
  2 efreet
  9 komodo dragons
  3 swamp worm zombies (Swamp:2)
  A yaktaur (D:15)
  2 kobold demonologists (D:10)
  A tengu conjurer (D:14)
  2 burning bushes (Lair:1)
  A bloated husk (Swamp:2)
  A harpy zombie (D:9)
  A queen bee (Spider:2)
  3 hellwings (D:9)
  3 meliai (Spider:2)
  4 trolls
  10 hornets
  6 tyrant leeches
  2 polar bears (D:14)
  A polar bear (shapeshifter) (D:13)
  13 tarantellas
  5 spectral swamp dragons (Swamp:2)
  13 dream sheep
  8 blink frogs
  13 jumping spiders
  8 spriggans
  3 alligator zombies (Swamp:2)
  A centaur simulacrum (D:14)
  A vampire (D:13)
  7 wyverns
  20 slime creatures
  6 wraiths
  11 culicivoras
  8 basilisks
  45 yaks
  4 tyrant leech zombies (Swamp:2)
  17 vampire mosquitoes
  2 steam dragons
  A minotaur simulacrum (D:14)
  43 redbacks
  An acid dragon (D:9)
  A swamp worm (shapeshifter) (D:13)
  13 swamp worms
  2 hell hounds (D:14)
  10 water moccasins
  A meliai simulacrum (D:14)
  11 orc warriors
  8 swamp drakes
  A sky beast (D:7)
  A hornet zombie (D:9)
  2 ice beasts (D:14)
  An alligator simulacrum (D:14)
  2 black bears
  12 wolves
  3 ogres
  7 centaurs
  4 kobold brigands
  3 scorpions
  10 bullfrogs
  A deep troll simulacrum (D:14)
  13 wights
  32 killer bees
  2 troll zombies (Swamp:2)
  2 spriggan zombies (Swamp:2)
  A lindwurm simulacrum (D:14)
  4 howler monkeys
  An electric eel (Lair:5)
  6 jellies
  4 hounds
  4 orc priests
  A gnoll bouda (D:9)
  3 iguanas
  2 hell rats (D:14)
  8 orc wizards
  4 gnolls (D:9)
  8 adders
  A shadow imp (D:7)
  2 white imps (D:14)
  2 worms
  5 dart slugs
  47 orcs
  13 bats
  3 endoplasms
  6 giant cockroaches
  3 goblins
  6 hobgoblins
  4 jackals (D:1)
  6 quokkas
  7 ball pythons
  2 ball python skeletons (Ossuary)
  2 frilled lizards
  A hobgoblin skeleton (Ossuary)
  18 kobolds
  4 kobold zombies (Ossuary)
  An orc zombie (Ossuary)
  5 rats
850 creatures vanquished.

Vanquished Creatures (others)
  Asterion (Spider:3)
  A hydra (Swamp:2)
  3 bloated husks
  A tyrant leech (Swamp:1)
  A vampire (D:13)
  16 foxfires
23 creatures vanquished.

Grand Total: 873 creatures vanquished

Notes
Turn   | Place    | Note
-------+----------+-------------------------------------------
     0 | D:1      | sakkuzi the Minotaur Berserker began the quest for the Orb.
     0 | D:1      | Reached XP level 1. HP: 19/19 MP: 0/0
   187 | D:1      | Reached XP level 2. HP: 19/27 MP: 1/1
   380 | D:1      | Reached XP level 3. HP: 32/33 MP: 2/2
   868 | D:2      | Reached ** piety under Trog
   937 | D:2      | Reached skill level 1 in Throwing
  1295 | D:2      | Found a faded altar of an unknown god.
  1691 | D:3      | Reached XP level 4. HP: 40/40 MP: 3/3
  1764 | D:3      | Noticed an ogre
  1774 | D:3      | Killed an ogre
  1775 | D:3      | Reached skill level 5 in Axes
  1775 | D:3      | Reached XP level 5. HP: 47/47 MP: 4/4
  1824 | D:3      | Found a radiant altar of Vehumet.
  2579 | D:4      | Found an ornate altar of the Wu Jian Council.
  2582 | D:4      | Found a snail-covered altar of Cheibriados.
  2597 | D:4      | Found a shimmering altar of Xom.
  2604 | D:4      | Found a burning altar of Makhleb.
  2611 | D:4      | Upgraded the game from 0.30.1 to 0.30.1-1-g62c8e00024
  2613 | D:4      | Found a bloodstained altar of Trog.
  2618 | D:4      | Found a glowing silver altar of Zin.
  2760 | D:4      | Reached XP level 6. HP: 55/55 MP: 5/5
  3129 | D:5      | Entered Level 5 of the Dungeon
  3206 | D:5      | Reached skill level 5 in Fighting
  3302 | D:5      | Found a sand-covered staircase.
  3307 | Ossuary  | Entered an ossuary
  3379 | Ossuary  | Reached *** piety under Trog
  3418 | Ossuary  | Reached XP level 7. HP: 37/59 MP: 6/6
  3719 | Ossuary  | Noticed a flying skull
  3719 | Ossuary  | Noticed a wraith
  3735 | Ossuary  | Noticed a wraith
  3739 | Ossuary  | Killed a wraith
  3740 | Ossuary  | Reached skill level 5 in Armour
  3780 | Ossuary  | Noticed a flying skull
  3807 | Ossuary  | Noticed a flying skull
  3808 | Ossuary  | Noticed a wraith
  3815 | Ossuary  | Killed a wraith
  4093 | D:5      | Found an iron altar of Okawaru.
  4314 | D:6      | Reached XP level 8. HP: 69/70 MP: 7/7
  4471 | D:6      | Found a staircase to the Ecumenical Temple.
  4545 | D:6      | Identified the staff of earth "Woplad" {rElec rPois rCorr
                  | MP-9}
  4632 | D:6      | Found the +11 Singing Sword {sonic wave}
  4905 | D:6      | Reached skill level 1 in Long Blades
  4972 | D:6      | Reached skill level 2 in Long Blades
  5350 | D:7      | Reached skill level 3 in Long Blades
  5420 | D:7      | Found a shimmering blue altar of Sif Muna.
  5453 | D:7      | Reached skill level 4 in Long Blades
  5453 | D:7      | Reached XP level 9. HP: 79/79 MP: 8/8
  5460 | D:7      | Reached skill level 5 in Throwing
  5714 | D:8      | Reached **** piety under Trog
  5715 | D:8      | Reached skill level 5 in Long Blades
  5806 | D:8      | Reached skill level 6 in Long Blades
  5983 | D:8      | Noticed rozman's ghost (novice KoBr)
  5985 | D:8      | Found a runed translucent door.
  5985 | D:8      | Noticed a gargoyle
  6283 | D:8      | Found a hazy altar of Hepliaklqana.
  6462 | D:9      | Reached skill level 7 in Long Blades
  6563 | D:9      | Noticed a two-headed ogre
  6574 | D:9      | Killed a two-headed ogre
  6575 | D:9      | Reached XP level 10. HP: 90/90 MP: 9/9
  6832 | D:9      | Reached skill level 8 in Long Blades
  6851 | D:9      | Reached skill level 9 in Long Blades
  7129 | D:9      | Found the +4 Cigotuvi's embrace {Corpsefed rMiasma Drain
                  | rN+}
  7208 | D:9      | Noticed a two-headed ogre
  7220 | D:9      | Killed a two-headed ogre
  7221 | D:9      | Reached skill level 10 in Long Blades
  7269 | D:9      | Found a staircase to the Orcish Mines.
  7271 | D:9      | Found Azximisk's Weapon Emporium.
  7496 | D:9      | Reached XP level 11. HP: 84/99 MP: 10/10
  7753 | D:9      | Found a runed translucent gate.
  7753 | D:9      | Found a runed translucent gate.
  7753 | D:9      | Found a runed translucent gate.
  7754 | D:9      | Noticed turdburglar's ghost (novice GnWr)
  7881 | D:9      | Identified the +1 pair of boots of Nocisit {Str-5 Dex+5}
  8174 | D:10     | Entered Level 10 of the Dungeon
  8200 | D:10     | Reached skill level 10 in Fighting
  8207 | D:10     | Found a basalt altar of Yredelemnul.
  8332 | D:10     | Found a sparkling altar of Nemelex Xobeh.
  8437 | D:10     | Reached ***** piety under Trog
  8441 | D:10     | Reached skill level 11 in Long Blades
  8724 | D:10     | Reached skill level 10 in Armour
  8906 | D:10     | Found a staircase to the Lair.
 10067 | D:11     | Reached skill level 12 in Long Blades
 10212 | D:11     | Found Zaatun's Assorted Antiques.
 10699 | D:12     | Noticed a two-headed ogre
 10715 | D:12     | Killed a two-headed ogre
 10907 | D:12     | Found a broken altar of Ashenzari.
 10922 | D:12     | Reached XP level 12. HP: 110/110 MP: 11/11
 10941 | D:12     | Noticed a two-headed ogre
 10942 | D:12     | Noticed a two-headed ogre
 10978 | D:12     | Killed a two-headed ogre
 10979 | D:12     | Reached skill level 1 in Shields
 11128 | D:12     | Killed a two-headed ogre
 11129 | D:12     | Reached skill level 13 in Long Blades
 11780 | D:13     | Noticed a boulder beetle
 11789 | D:13     | Killed a boulder beetle
 11870 | D:13     | Noticed a centaur warrior
 12654 | D:13     | Noticed an entropy weaver
 12663 | D:13     | Killed an entropy weaver
 12796 | D:13     | Found a portal to a secret trove of treasure.
 12822 | D:13     | Found an ornate altar of the Wu Jian Council.
 13164 | D:13     | Noticed a catoblepas
 13305 | D:13     | Found a gate to the Vaults.
 13399 | D:13     | Reached skill level 14 in Long Blades
 13535 | D:13     | Killed a centaur warrior
 13718 | D:13     | Noticed a six-headed hydra
 13721 | D:14     | Noticed a centaur warrior
 13727 | D:13     | Killed a nine-headed hydra
 13779 | D:14     | Noticed a centaur warrior
 13955 | Orc:1    | Entered Level 1 of the Orcish Mines
 14118 | Orc:2    | Entered Level 2 of the Orcish Mines
 14118 | Orc:2    | Found a staircase to the Elven Halls.
 14123 | Orc:2    | Noticed Azrael
 14224 | Lair:1   | Entered Level 1 of the Lair of Beasts
 14358 | Lair:1   | Noticed Urug
 14365 | Lair:1   | Killed Urug
 14560 | Lair:1   | Reached skill level 5 in Shields
 14560 | Lair:1   | Reached XP level 13. HP: 55/118 MP: 12/12
 15414 | Lair:2   | Reached skill level 10 in Throwing
 15758 | Lair:2   | Reached skill level 15 in Long Blades
 15771 | Lair:2   | Received a gift from Trog
 16119 | Lair:2   | Found a hole to the Spider Nest.
 16281 | Lair:2   | Found a staircase to the Swamp.
 16511 | Lair:2   | Found the +3 pair of seven-league boots {Rampage+∞}
 18742 | Lair:4   | Found a blossoming altar of Fedhas.
 19089 | Lair:5   | Entered Level 5 of the Lair of Beasts
 19511 | Lair:5   | Reached skill level 16 in Long Blades
 19737 | Lair:5   | Reached XP level 14. HP: 129/129 MP: 13/13
 19881 | Lair:5   | Found a runed translucent door.
 20292 | Lair:5   | Found a staircase to the Slime Pits.
 21805 | Slime:1  | Entered Level 1 of the Pits of Slime
 22283 | Slime:1  | Reached skill level 17 in Long Blades
 22334 | Slime:1  | Gained mutation: You are clumsy. (Dex -2) [a shining eye]
 22390 | Slime:1  | Noticed an acid blob
 23593 | D:14     | Found a runed translucent door.
 23593 | D:14     | Noticed Secest's ghost (journeyman DrFi)
 24137 | D:14     | Reached XP level 15. HP: 138/138 MP: 14/14
 24166 | D:14     | Found a shadowy altar of Dithmenos.
 24168 | D:14     | Found a sacrificial altar of Ru.
 24168 | D:14     | Found a shimmering altar of Xom.
 24170 | D:14     | Found a burning altar of Makhleb.
 24170 | D:14     | Found a shimmering blue altar of Sif Muna.
 24170 | D:14     | Found a shadowy altar of Dithmenos.
 24257 | D:15     | Entered Level 15 of the Dungeon
 24277 | D:15     | Noticed Louise
 24323 | D:14     | Killed Louise
 24324 | D:14     | Reached skill level 18 in Long Blades
 25101 | D:15     | Received a gift from Trog
 25105 | D:15     | Reached skill level 10 in Shields
 25805 | D:15     | Found a shimmering blue altar of Sif Muna.
 25888 | D:15     | Found a staircase to the Depths.
 26019 | D:15     | Identified the ring "Xapsemas" {Fly rF+ rC- Slay+4}
 26368 | Swamp:1  | Entered Level 1 of the Swamp
 27740 | Swamp:1  | You are sucked into a shaft and drop 1 floor!
 28358 | Swamp:2  | Lost mutation: You are clumsy. (Dex -2) [potion of
                  | mutation]
 28358 | Swamp:2  | Gained mutation: You are frail. (-10% HP) [potion of
                  | mutation]
 28358 | Swamp:2  | Gained mutation: Your mind is acute. (Int +4, Str/Dex -1)
                  | [potion of mutation]
 28359 | Swamp:2  | Lost mutation: You are frail. (-10% HP) [potion of
                  | mutation]
 28359 | Swamp:2  | Lost mutation: Your mind is acute. (Int +4, Str/Dex -1)
                  | [potion of mutation]
 28359 | Swamp:2  | Gained mutation: Your magical capacity is low. (-10% MP)
                  | [potion of mutation]
 28359 | Swamp:2  | Gained mutation: You have supernaturally acute eyesight.
                  | (SInv) [potion of mutation]
 28418 | Swamp:2  | Reached skill level 15 in Fighting
 28581 | Swamp:2  | Reached skill level 19 in Long Blades
 28774 | Swamp:2  | Reached skill level 15 in Armour
 28812 | Swamp:2  | Paralysed by a hornet for 3 turns
 29128 | Swamp:2  | Reached XP level 16. HP: 149/149 MP: 13/13
 29128 | Swamp:2  | Received a gift from Trog
 29612 | Swamp:2  | Noticed Mlioglotl
 29620 | Swamp:2  | Noticed a bone dragon
 29625 | Swamp:2  | Noticed a dread lich
 29628 | Swamp:2  | Killed Mlioglotl
 29840 | Swamp:2  | Identified the +9 dagger of Miuhescha {heavy, rC+ rN+ Int+3
                  | Dex+3}
 30443 | Swamp:3  | Identified the +7 battleaxe of Coibrets {flame, *Rage rN++
                  | SInv Stlth+}
 31063 | Swamp:4  | Entered Level 4 of the Swamp
 31103 | Swamp:4  | Reached skill level 20 in Long Blades
 33636 | Swamp:4  | Got a decaying rune of Zot
 33737 | Spider:1 | Entered Level 1 of the Spider Nest
 34423 | Spider:1 | Identified the +6 chain mail of the Bespelling Gods {Harm}
 35134 | Spider:2 | Reached XP level 17. HP: 136/158 MP: 4/14
 35970 | Spider:2 | Received a gift from Trog
 36044 | Spider:2 | Reached skill level 21 in Long Blades
 38373 | Spider:3 | Noticed Asterion
 39274 | Spider:3 | Killed Asterion
 39946 | Spider:4 | Entered Level 4 of the Spider Nest
 40744 | Spider:4 | Received a gift from Trog
 41332 | Spider:4 | HP: 6/160 [wolf spider (10)]
 41333 | Spider:4 | Succumbed to a wolf spider's poison

Illustrated notes

Levels and vault maps discovered:
D:1:      lightli_arrival_lavapool, layout_rooms, kennysheep_boxes
D:2:      layout_loops_cross, dreamdust_ecumenical_altar_hidden_monk_grotto,
          kennysheep_minor_cross
D:3:      layout_loops_corners, vehumet_crystals, kennysheep_generic_room_16
D:4:      layout_loops_ring, nicolae_overflow_hallway_of_the_gods
D:5:      layout_cave_pools, kennysheep_little_box, enter_ossuary_2
D:6:      old_forge, layout_rooms, minmay_temple_entry_glass
D:7:      layout_rooms, mainiacjoe_overflow_paths, hellmonk_bongcloud_opening
D:8:      layout_cave_pools, mainiacjoe_overflow_boulevard,
          ebering_ghost_inner_flame, kennysheep_cross_room
D:9:      layout_stronghold, orc_david_3, ebering_ghost_rock_garden,
          hellmonk_guarded_unrand_cigotuvi
D:10:     layout_basic, mainiacjoe_overflow_catch_the_wave,
          grunt_lair_entry_orc_guard_hut
D:11:     layout_irregular_city, serial_shops, shop
D:12:     layout_loops_ring, nicolae_ashenzari_panopticon
D:13:     layout_basic, david_vaults_4, nicolae_trove_entry_free_sample,
          st_stairs_6, nicolae_wu_jian_wuxing_cycle
D:14:     layout_rooms, serial_ice, serial_ice_h, serial_ice_e, serial_ice_k,
          serial_ice_n, portal_ice_cave_entry_ice_simulacra,
          doesnt_xom_only_xom, ebering_ghost_reflecting_pool, special_room
          [special_room_mythical_zoo]
D:15:     hangedman_depths_entry_try_elsewhere_first, layout_cave_pools,
          nicolae_sif_muna_condensation, kennysheep_inner_square, uniq_louise
Lair:1:   dreamdust_cave_troll, layout_loops_ring, evilmike_ambush
          [evilmike_ambush_outer_corners, evilmike_ambush_inner_pond], uniq_urug
Lair:2:   layout_long_grid, swamp_mist, spider_nest_entry_web_field,
          hellmonk_guarded_unrand_seven_league_boots
Lair:3:   layout_regular_city
Lair:4:   layout_roguey, tgw_fedhas
Lair:5:   evilmike_catoblepas_cave, layout_cave_pods, slime_entry_2,
          serial_bayou_shore_a
Swamp:1:  layout_basic_swamp, nicolae_swamp_small_spring
Swamp:2:  cheibrodos_swamp_mausoleum, layout_basic_swamp,
          evilmike_swamp_ruin_rubble_1, swamp_pool3, uniq_mlioglotl
Swamp:3:  layout_falls_marsh, nicolae_swamp_oxbows
Swamp:4:  swamp, layout_basic_swamp, swamp_pool2, nicolae_swamp_little_tower,
          infiniplex_staircase_pool
Spider:1: layout_cave_pods
Spider:2: layout_chambers, special_room [special_room_bee],
          hangedman_spider_tarantella_strand
Spider:3: layout_cave_pods, uniq_asterion
Spider:4: hellmonk_spider_rune_endless_swarm, gammafunk_ghost_berserking_beasts,
          drop_trap, nicolae_spider_moth_buddies
Slime:1:  layout_caves
Orc:1:    layout_diamond_mine
Orc:2:    st_orc_town, layout_diamond_mine, serial_shops, bzr_entry_safe,
          uniq_azrael

Skill      XL: |  1  2  3  4  5  6  7  8  9 10 11 12 13 14 15 16 17 |
---------------+----------------------------------------------------+-----
Axes           | 4 5 6 7 8 |  8.4
Fighting       | 4 5 6 7 8 9 11 12 13 14 15 16 | 16.7
Armour         | 3 4 5 6 8 9 10 12 13 14 15 16 | 16.6
Throwing       | 1 2 3 4 6 7 8 9 10 11 12 13 | 13.9
Long Blades    | 4 7 10 12 14 16 17 19 20 21 | 21.5
Shields        | 5 7 9 10 12 13 | 13.0
Dodging        | |  2.4

Action                     |  1- 3 |  4- 6 |  7- 9 | 10-12 | 13-15 | 16-18 || total
---------------------------+-------+-------+-------+-------+-------+-------++-------
  Melee: Hand axe          |   100 |   107 |    63 |       |       |       ||   270
         Headbutt          |    17 |    19 |    15 |    67 |   182 |   178 ||   478
         Punch             |       |     1 |       |     1 |       |       ||     2
         Double sword      |       |       |    64 |   365 |   703 |   319 ||  1451
         Demon blade       |       |       |       |       |       |   410 ||   410
  Throw: Javelin           |       |       |     4 |       |       |       ||     4
 Invoke: Berserk           |       |     1 |     4 |    17 |    45 |    20 ||    87
         Trog's Hand       |       |       |     1 |       |     1 |       ||     2
         Brothers in Arms  |       |       |       |     1 |       |       ||     1
    Use: Scroll            |       |     9 |     2 |     4 |    14 |    14 ||    43
         Potion            |       |       |       |     2 |     9 |     7 ||    18
   Stab: Held in net/web   |       |       |       |       |       |     1 ||     1
 Armour: Animal skin       |    18 |       |       |       |       |       ||    18
         Ring mail         |     1 |    30 |       |       |       |       ||    31
         Chain mail        |       |    18 |    87 |   103 |       |   131 ||   339
         Plate armour      |       |       |       |   202 |   449 |   494 ||  1145
  Dodge: Dodged            |    63 |    47 |    67 |   155 |   180 |   238 ||   750
  Block: Buckler           |       |       |       |    56 |   163 |       ||   219
         Tower shield      |       |       |       |       |   140 |   729 ||   869
